 Dungeon Crawl Stone Soup version 0.29.0-3-gbb0933ed62 (webtiles) character file.

Game seed: 1854536975572087941

18862 RevDB the Severer (level 12, -4/113 HPs)
             Began as a Minotaur Berserker on Aug 24, 2022.
             Was a High Priest of Trog.
             Killed from afar by a gargoyle (16 damage)
             ... with a stone arrow
             ... in a volcano on Aug 26, 2022.
             The game lasted 01:09:01 (8800 turns).

RevDB the Severer (Minotaur Berserker)              Turns: 8800, Time: 01:09:01

Health: -4/113     AC:  8    Str: 30    XL:     12   Next: 31%
Magic:  11/11      EV: 14    Int:  4    God:    Trog [*****.]
Gold:   918        SH:  0    Dex: 10    Spells: 11/11 levels left

rFire   + + .      SeeInvis .   S - +1 battleaxe (vamp)
rCold   + . .      Faith    .   (shield currently unavailable)
rNeg    . . .      Spirit   .   W - +1 leather armour of Lennaiki {rF+ rC+ Str+3}
rPois   .          Reflect  .   P - +2 hat
rElec   .          Harm     .   D - scarf {+Inv}
rCorr   .          Rampage  .   M - +0 pair of gloves
Will    .....                   (no boots)
Stlth   +.........              (no amulet)
HPRegen 0.28/turn               f - ring of protection from fire
MPRegen 0.12/turn               T - ring of flight

@: flying
A: horns 2, retaliatory headbutt
a: Renounce Religion, Evoke Invisibility, Berserk, Trog's Hand, Brothers in Arms


You were in a volcano.
You worshipped Trog.
Trog was extremely pleased with you.
You visited 2 branches of the dungeon, and saw 11 of its levels.
You also visited: Ossuary and Volcano.

You collected 918 gold pieces.

Inventory:

Hand Weapons
 s - a +0 war axe
 S - a +1 vampiric battleaxe (weapon)
Missiles
 d - 109 stones (quivered)
 g - 6 javelins
 n - 25 poisoned darts
 y - 18 boomerangs
Armour
 q - a +2 chain mail of poison resistance
 t - a +0 pair of gloves
 w - a +0 cloak
 D - a scarf of invisibility (worn)
 H - a +1 robe of fire resistance
 J - a +0 scale mail of cold resistance
 M - a +0 pair of gloves (worn)
 P - a +2 hat (worn)
 V - an orb of light
 W - the +1 leather armour of Lennaiki (worn) {rF+ rC+ Str+3}
   (You found it on level 2 of the Lair of Beasts)

   Str:       It affects your strength (+3).
   rF:        It protects you from fire.
   rC:        It protects you from cold.
 X - a +2 plate armour of cold resistance
Jewellery
 f - a ring of protection from fire (left hand)
 j - a +4 ring of evasion
 N - a +4 ring of slaying
 T - a ring of flight (right hand)
 Y - a ring of ice
Wands
 z - a wand of iceblast (5)
 A - a wand of quicksilver (10)
Scrolls
 b - 2 scrolls of torment {unknown}
 c - a scroll of brand weapon {unknown}
 e - a scroll of summoning {unknown}
 l - 5 scrolls of fog
 m - 3 scrolls of enchant armour
 o - 2 scrolls of magic mapping {unknown}
 v - 2 scrolls of immolation
 x - 4 scrolls of teleportation {unknown}
 E - a scroll of acquirement {unknown}
 G - a scroll of noise {unknown}
 I - a scroll of enchant weapon {unknown}
 K - 2 scrolls of fear {unknown}
 L - 10 scrolls of identify
 Q - a scroll of amnesia {unknown}
Potions
 a - 3 potions of degeneration {unknown}
 h - 10 potions of curing
 i - 4 potions of might {unknown}
 k - 6 potions of heal wounds
 p - 3 potions of lignification
 r - a potion of haste
 u - a potion of brilliance
 B - 4 potions of attraction {unknown}
 C - 2 potions of berserk rage {unknown}
 F - 2 potions of cancellation {unknown}
 O - 2 potions of mutation {unknown}
 R - 2 potions of resistance {unknown}
 U - a potion of ambrosia {unknown}


   Skills:
 - Level 12.5 Fighting
 + Level 16.9 Axes
 - Level 9.1 Armour
 - Level 9.3 Dodging


You had 11 spell levels left.
You didn't know any spells.
Your spell library was empty.

Dungeon Overview and Level Annotations

Branches:
Dungeon (9/15)             Temple (0/1) D:7            Lair (2/5) D:9
 Spider (0/4) Lair:2          Orc (0/2) D:9         Ossuary (visited)
Volcano (1/1)
  Swamp: Lair:2-3    Shoals: Lair:2-3

Altars:
Dithmenos
Elyvilon
Hepliaklqana
Nemelex Xobeh
Qazlal
Ru
Uskayaw
Vehumet
Xom
Yredelemnul
Jiyva

Shops:
D:9 :


Innate Abilities, Weirdness & Mutations

You have a pair of horns on your head.
You reflexively headbutt those who attack you in melee.


Message History

You slice the harpy skeleton!!
Your headbutt misses the harpy skeleton.
The harpy skeleton is almost destroyed.
The harpy skeleton claws you but does no damage.
The harpy skeleton claws you. x2; The harpy skeleton barely misses you.
You slice the harpy skeleton!!
You destroy the harpy skeleton!
Trog accepts your kill. The gargoyle hits you with a +0 flail!
There is an open door, spattered with blood here.
You slice the gargoyle!!
You destroy the gargoyle!
Trog accepts your kill.
You reach down and open the door.
There is an open door here.
As you open the door, it creaks loudly!
A gargoyle comes into view.
It is wielding a +2 flail of protection.
The gargoyle hurls a stone arrow at you.
The stone arrow misses you.
The gargoyle hits you with a +2 flail of protection!
There is an open door, spattered with blood here.
You slash the gargoyle!
You headbutt the gargoyle, but do no damage.
The gargoyle is heavily damaged.
The gargoyle hurls a stone arrow at you.
The stone arrow hits you!
* * * LOW HITPOINT WARNING * * *
You barely miss the gargoyle.
The gargoyle is heavily damaged.
The gargoyle barely misses you.
You hit the gargoyle.
The gargoyle is severely damaged.
The gargoyle hits you with a +2 flail of protection!
* * * LOW HITPOINT WARNING * * *
You hit the gargoyle. Your headbutt misses the gargoyle.
The gargoyle is almost destroyed.
The air gets thick with the scent of sulphur.
The gargoyle hurls a stone arrow at you.
The stone arrow hits you!
You die...

$$$# ..# ####+#
..## #9@..# #.##
###..# #.## #'###
##.## #...#
..#####.... #...#
........... #..)#
..#####.#..
##'###### #....
#...#...#####.#..
#...'............


You could see a gargoyle.

Vanquished Creatures
  Fannar (Lair:2)
  A hydra (Lair:1)
  Amaemon (Lair:2)
  2 black mambas (Lair:2)
  2 gargoyles (Volcano)
  An orange demon (Lair:2)
  A rime drake (Lair:2)
  3 komodo dragons
  A polar bear (Lair:2)
  3 harpy skeletons (Volcano)
  6 dream sheep (Lair:2)
  A spriggan (D:7)
  3 flying skulls (Volcano)
  2 jumping spiders (Lair:2)
  A wyvern (D:7)
  2 wraiths (Ossuary)
  24 yaks
  A redback (Lair:2)
  A steam dragon (D:8)
  2 hell hounds (Lair:2)
  3 water moccasins
  Duvessa (D:7)
  An ice beast (D:7)
  A sky beast (D:7)
  A black bear (D:7)
  5 orc warriors
  A wolf (Lair:2)
  3 ogres
  3 phantoms
  A kobold brigand (D:9)
  2 necrophages
  6 bullfrogs
  2 gnoll sergeants
  4 scorpions
  3 wights (Ossuary)
  Dowan (D:7)
  7 killer bees (D:9)
  4 spriggan skeletons (Volcano)
  A howler monkey (D:4)
  A hound (D:4)
  5 jellies
  10 orc priests
  A gnoll bouda (D:6)
  Terence (D:3)
  5 iguanas
  9 orc wizards
  A hell rat (Lair:2)
  17 gnolls
  5 adders
  A shadow imp (D:7)
  2 white imps
  An ufetubus (D:4)
  3 worms
  3 dart slugs
  33 orcs
  9 ball pythons
  4 bats
  7 endoplasms
  3 giant cockroaches
  4 goblins
  3 hobgoblins
  3 jackals (D:2)
  7 quokkas
  2 ball python skeletons (Ossuary)
  2 frilled lizards
  2 hobgoblin skeletons (Ossuary)
  15 kobolds
  2 kobold zombies (Ossuary)
  An orc skeleton (Ossuary)
  An orc zombie (Ossuary)
  4 rats
276 creatures vanquished.

Vanquished Creatures (collateral kills)
  A hydra (Lair:2)
  A death yak (Lair:2)
  A skeletal warrior (Volcano)
  A black mamba (Lair:2)
  A gargoyle (Volcano)
  A komodo dragon (Lair:2)
  A dream sheep (Lair:2)
  An alligator skeleton (Volcano)
8 creatures vanquished.

Vanquished Creatures (others)
  5 dream sheep (D:6)
  2 fungi (Lair:2)
  4 plants (Lair:2)
11 creatures vanquished.

Grand Total: 295 creatures vanquished

Notes
Turn   | Place    | Note
-------+----------+-------------------------------------------
     0 | D:1      | RevDB the Minotaur Berserker began the quest for the Orb.
     0 | D:1      | Reached XP level 1. HP: 19/19 MP: 0/0
    41 | D:1      | Reached skill level 4 in Axes
   239 | D:1      | Reached XP level 2. HP: 18/26 MP: 1/1
   302 | D:1      | You fall into a shaft and drop 1 floor!
   479 | D:2      | Reached skill level 5 in Axes
   517 | D:2      | Reached XP level 3. HP: 22/31 MP: 2/2
   552 | D:1      | Upgraded the game from 0.29.0 to 0.29.0-3-gbb0933ed62
   555 | D:1      | Reached ** piety under Trog
  1716 | D:3      | Noticed Terence
  1757 | D:3      | Reached XP level 4. HP: 29/39 MP: 3/3
  1771 | D:3      | Reached skill level 6 in Axes
  1803 | D:3      | Killed Terence
  2168 | D:3      | Found a hide-covered altar of Uskayaw.
  2264 | D:3      | Found a basalt altar of Yredelemnul.
  2264 | D:3      | Found a hazy altar of Hepliaklqana.
  2412 | D:4      | Noticed an ogre
  2415 | D:4      | Noticed a scorpion
  2419 | D:3      | Killed an ogre
  2420 | D:3      | Reached skill level 5 in Fighting
  2420 | D:3      | Reached XP level 5. HP: 27/50 MP: 4/4
  2606 | D:4      | Reached skill level 7 in Axes
  2606 | D:4      | Reached XP level 6. HP: 44/57 MP: 5/5
  2636 | D:4      | Reached *** piety under Trog
  2640 | D:4      | Reached skill level 8 in Axes
  2683 | D:4      | Found a sparkling altar of Nemelex Xobeh.
  2724 | D:4      | Reached XP level 7. HP: 41/62 MP: 6/6
  2741 | D:4      | Found a sand-covered staircase.
  2745 | Ossuary  | Entered an ossuary
  2967 | Ossuary  | Noticed a wraith
  2967 | Ossuary  | Noticed a flying skull
  2979 | Ossuary  | Noticed a wraith
  2988 | Ossuary  | Killed a wraith
  3071 | Ossuary  | Noticed a flying skull
  3078 | Ossuary  | Noticed a wraith
  3087 | Ossuary  | Killed a wraith
  3088 | Ossuary  | Reached skill level 5 in Armour
  3120 | Ossuary  | Noticed a flying skull
  3217 | Ossuary  | Reached skill level 9 in Axes
  3437 | D:4      | Found a shadowy altar of Dithmenos.
  3437 | D:4      | Found a stormy altar of Qazlal.
  3438 | D:4      | Found a white marble altar of Elyvilon.
  3489 | D:4      | Reached XP level 8. HP: 72/73 MP: 7/7
  3926 | D:5      | Entered Level 5 of the Dungeon
  4020 | D:5      | Found a sacrificial altar of Ru.
  4267 | D:5      | Reached skill level 10 in Axes
  4384 | D:5      | Found a radiant altar of Vehumet.
  4506 | D:5      | Reached **** piety under Trog
  4919 | D:6      | Noticed a dream sheep
  4919 | D:6      | Noticed a dream sheep
  4919 | D:6      | Noticed a dream sheep
  4919 | D:6      | Noticed a dream sheep
  4919 | D:6      | Noticed a dream sheep
  4919 | D:6      | Found a shimmering altar of Xom.
  4921 | D:6      | Killed a dream sheep
  4921 | D:6      | Killed a dream sheep
  4921 | D:6      | Killed a dream sheep
  4921 | D:6      | Killed a dream sheep
  4924 | D:6      | Killed a dream sheep
  5425 | D:6      | Reached XP level 9. HP: 77/79 MP: 8/8
  5760 | D:7      | Found a staircase to the Ecumenical Temple.
  5870 | D:7      | Noticed Dowan
  5873 | D:7      | Killed Dowan
  5873 | D:7      | Noticed Duvessa
  5880 | D:7      | Killed Duvessa
  5881 | D:7      | Reached skill level 10 in Fighting
  6068 | D:8      | Found a viscous altar of Jiyva.
  6086 | D:8      | Reached skill level 11 in Axes
  6529 | D:9      | Reached skill level 12 in Axes
  6529 | D:9      | Reached XP level 10. HP: 93/93 MP: 9/9
  6545 | D:9      | Found Gicut's Tremendous Tomes.
  6632 | D:9      | Reached skill level 13 in Axes
  6760 | D:9      | Reached skill level 14 in Axes
  6790 | D:9      | Reached ***** piety under Trog
  6975 | D:9      | Found a staircase to the Orcish Mines.
  7098 | D:9      | Found a staircase to the Lair.
  7227 | Lair:1   | Entered Level 1 of the Lair of Beasts
  7587 | Lair:1   | Noticed a six-headed hydra
  7593 | Lair:1   | Killed a nine-headed hydra
  7594 | Lair:1   | Reached XP level 11. HP: 105/105 MP: 10/10
  7988 | Lair:2   | Identified the +1 leather armour of Lennaiki {rF+ rC+
                  | Str+3}
  8057 | Lair:2   | Reached skill level 5 in Dodging
  8125 | Lair:2   | Noticed Amaemon
  8133 | Lair:2   | Killed Amaemon
  8144 | Lair:2   | Noticed a four-headed hydra
  8148 | Lair:2   | Killed a four-headed hydra
  8156 | Lair:2   | Noticed a death yak
  8157 | Lair:2   | Killed a death yak
  8287 | Lair:2   | Noticed Fannar
  8301 | Lair:2   | Killed Fannar
  8302 | Lair:2   | Reached skill level 15 in Axes
  8316 | Lair:2   | Found a hole to the Spider Nest.
  8333 | Lair:2   | Reached XP level 12. HP: 86/113 MP: 11/11
  8408 | Lair:2   | Found a dark tunnel.
  8414 | Volcano  | Entered a volcano
  8459 | Volcano  | Reached skill level 16 in Axes
  8800 | Volcano  | Killed from afar by a gargoyle

Illustrated notes

Levels and vault maps discovered:
D:1:      minmay_arrival_four_houses, layout_basic
D:2:      layout_loops_corners
D:3:      layout_rooms, eat_drink_and_be_merry_uskayaw,
          gammafunk_temple_overflow_wave, uniq_terence
D:4:      layout_loops_ring, gammafunk_temple_overflow_claw,
          amcnicky_altar_gilded, enter_ossuary_5
D:5:      layout_basic, hangedman_ru_absence, fiery_altar_vehumet,
          kennysheep_generic_room_9
D:6:      layout_basic, kb_xom_exploding_sheep
D:7:      layout_rooms, minmay_temple_entry_offerings, the_hattery, uniq_duvessa
D:8:      layout_rooms, jiyva_altar_1
D:9:      layout_roguey, dpeg_oklobed_lair, erik_orc_4,
          nicolae_shop_i_like_big_books
Lair:1:   layout_roguey
Lair:2:   nzn_winding_woodlands_stair_trap [nzn_winding_woodlands_5x15_garden,
          nzn_winding_woodlands_5x15_lazy_stream,
          nzn_winding_woodlands_5x15_crooked,
          nzn_winding_woodlands_15x15_thick_spiral,
          nzn_winding_woodlands_5x15_parted, nzn_winding_woodlands_5x15_twine,
          nzn_winding_woodlands_5x15_concentric], layout_loops_ring,
          spider_nest_entry_a, enter_volcano_3, uniq_amaemon, uniq_fannar
Volcano:  volcano_tomb [vts_chambers]

Skill      XL: |  1  2  3  4  5  6  7  8  9 10 11 12 |
---------------+-------------------------------------+-----
Axes           | 4 5 6 7 8 9 10 12 14 15 16 | 16.9
Fighting       | 5 7 10 12 | 12.5
Armour         | 5 9 |  9.1
Dodging        | 9 |  9.3

Action                   |  1- 3 |  4- 6 |  7- 9 | 10-12 || total
-------------------------+-------+-------+-------+-------++-------
Melee: Hand axe          |    82 |    32 |       |       ||   114
       Headbutt          |    17 |    10 |    47 |    51 ||   125
       Punch             |     1 |       |     2 |       ||     3
       War axe           |       |    57 |   256 |       ||   313
       Battleaxe         |       |       |     8 |   229 ||   237
Invok: Berserk           |       |       |     7 |     4 ||    11
       Brothers in Arms  |       |       |       |     2 ||     2
       Trog's Hand       |       |       |       |     1 ||     1
  Use: Scroll            |       |       |     6 |       ||     6
 Stab: Sleeping          |     1 |       |       |       ||     1
Armor: Animal skin       |     5 |       |       |       ||     5
       Chain mail        |       |    34 |    99 |    37 ||   170
       Leather armour    |       |       |       |    32 ||    32
Dodge: Dodged            |    45 |    49 |   132 |   165 ||   391
